 Dungeon Crawl Stone Soup version 0.27.1-1-g398f81649c (webtiles) character file.

Game seed: 6183162434972681887

6682 acemry the Destroyer (level 10, -4/50 HPs)
             Began as a Deep Elf Conjurer on Sept 10, 2021.
             Was a Believer of Vehumet.
             Slain by Snorg (14 damage)
             ... on level 10 of the Dungeon.
             The game lasted 00:24:44 (10917 turns).

acemry the Destroyer (Deep Elf Conjurer)           Turns: 10917, Time: 00:24:45

Health: -4/50      AC:  9    Str:  4    XL:     10   Next: 73%
Magic:  33/37      EV: 12    Int: 33    God:    Vehumet [**....]
Gold:   189        SH:  0    Dex: 13    Spells: 27/34 levels left

rFire    . . .     SeeInvis .   q - staff of conjuration
rCold    . . .     Faith    .   (no shield)
rNeg     . . .     Spirit   .   a - +2 robe
rPois    .         Reflect  .   G - +2 hat
rElec    .         Harm     .   (no cloak)
rCorr    .         Rampage  .   C - +0 pair of gloves
Will     +....                  D - +1 pair of boots
Stlth    ++........             w - amulet of magic regeneration
HPRegen  0.16/turn              u - ring of magical power
MPRegen  0.50/turn              H - +6 ring of intelligence

@: no status effects
A: no striking features
a: Renounce Religion


You were on level 10 of the Dungeon.
You worshipped Vehumet.
Vehumet was pleased with you.
You visited 2 branches of the dungeon, and saw 11 of its levels.

You collected 397 gold pieces.
You spent 208 gold pieces at shops.

Inventory:

Hand Weapons
 b - a +0 dagger
 p - a +3 whip
 v - the +4 war axe "Ewneoqioha" {vorpal, Int+3 Dex+4}
   (You found it on level 4 of the Dungeon)

   It inflicts extra damage upon your enemies.
   Int:       It affects your intelligence (+3).
   Dex:       It affects your dexterity (+4).
 y - a +4 quarterstaff of chaos
 A - the +7 mace "Embalmer" {drain, *Slow rN++ Will+++ Stlth+}
   (You found it on level 5 of the Dungeon)

   A truly terrible weapon, it drains the life of any living foe it strikes.
   rN:        It greatly protects you from negative energy.
   *Slow:     It may slow you when you take damage.
   Will:      It greatly increases your willpower.
   Stlth:     It makes you more stealthy.
Missiles
 n - 2 throwing nets
Armour
 a - a +2 robe (worn)
 C - a +0 pair of gloves (worn)
 D - a +1 pair of boots (worn)
 G - a +2 hat (worn)
Magical Staves
 c - a staff of fire
 o - a staff of earth
 q - a staff of conjuration (weapon)
Jewellery
 u - a ring of magical power (left hand)
 w - an amulet of magic regeneration (around neck)
 F - a ring of magical power
 H - a +6 ring of intelligence (right hand)
Wands
 f - a wand of mindburst (7)
 B - a wand of charming (13)
Scrolls
 g - a scroll of fog
 k - 8 scrolls of identify
 t - 3 scrolls of amnesia
 E - 3 scrolls of magic mapping {unknown}
 I - a scroll of enchant armour
Potions
 d - 4 potions of degeneration
 e - a potion of heal wounds
 h - a potion of attraction
 i - a potion of brilliance
 j - 3 potions of invisibility
 l - a potion of magic {unknown}
 m - a potion of resistance {unknown}
 s - a potion of curing {unknown}
 x - a potion of lignification {unknown}
 z - a potion of might {unknown}


   Skills:
 - Level 2.4 Dodging
 - Level 2.4 Stealth
 + Level 12.5 Spellcasting
 * Level 14.5 Conjurations


You had 27 spell levels left.
You knew the following spells:

 Your Spells              Type           Power      Damage    Failure   Level
a - Magic Dart            Conj           100%       1d8       0%          1
b - Searing Ray           Conj           100%       3d7       0%          2
c - Fulminant Prism       Conj/Hex       40%        3d20      1%          4

Your spell library contained the following spells:

 Spells                   Type           Power      Damage    Failure   Level
 Conjure Flame            Conj/Fire      80%        6-21      1%          3
 Static Discharge         Conj/Air       80%        N/A       1%          2
 Dazzling Flash           Conj/Hex       100%       N/A       1%          3
 Iskenderun's Mystic Bla  Conj/Tloc      80%        2d16      1%          4
 Sticky Flame             Conj/Fire      80%        2d9       1%          4
 Dispel Undead            Necr           20%        3d11      22%         4


Dungeon Overview and Level Annotations

Branches:
Dungeon (10/15)            Temple (1/1) D:5
   Lair: D:8-11         Orc: D:9-12

Altars:
Ashenzari
Cheibriados
Dithmenos
Elyvilon
Fedhas
Gozag
Hepliaklqana
Kikubaaqudgha
Makhleb
Nemelex Xobeh
Okawaru
Qazlal
Ru
Sif Muna
Trog
Uskayaw
Vehumet
Wu Jian
Xom
Yredelemnul
Zin
The Shining One

Shops:
D:8 [:

Annotations:
D:10 exclusion: oklob plant, Snorg


Message History

The searing ray hits the acid dragon!
The acid dragon is severely wounded.
The searing ray hits the acid dragon!
You kill the acid dragon!
Vehumet accepts your kill.
You feel your power returning.
Snorg the Insatiable comes into view.
Snorg is nearby!
Snorg is nearby!
You are no longer corroded.
You start resting.
HP restored.
Snorg is nearby!
You feel a surge of power!
The magic dart hits Snorg!
Snorg is lightly wounded.
Snorg shouts!
You feel a surge of power!
The magic dart hits Snorg.
Snorg is lightly wounded.
You feel a surge of power!
The magic dart hits Snorg.
Snorg is lightly wounded.
Casting: Magic Dart (safe; 0% risk of failure)
Confirm with . or Enter, or press ? or * to list all spells.
Aiming: Searing Ray (safe; 0% risk of failure)
Press: ? - help, Shift-Dir - straight line, f/p - Snorg
Aim: Snorg (lightly wounded, 83% to hit)
You feel a surge of power!
The searing ray hits Snorg!
Snorg is moderately wounded. (Press . to maintain the ray.)
The searing ray hits Snorg!
Snorg is heavily wounded.
The searing ray hits Snorg!
Snorg is severely wounded.
Snorg goes berserk!
The searing ray hits Snorg!
Snorg is severely wounded.
You finish channeling your searing ray.
Snorg bites you!! Snorg claws you. Snorg closely misses you. Snorg bites you!
* * * LOW HITPOINT WARNING * * *
Snorg claws you!
You die...

.....## #..## ......##
....[... .......##
........ ........##
####........
.........####..........#
##.....##.......# .....#
###....####.....♣#.....#
#...#### ##.....#....^.#
...## #......@T......
.### #.............. ##
##.............. #
#..........##... .#
#.......##..# .. ..#
#.....### #... . ..#
#..#### .... ..# ####
.#.. ###


You could see Snorg (berserk).

Vanquished Creatures
  Pikel (D:8)
  A kobold demonologist (D:9)
  A troll (D:9)
  A hornet (D:8)
  A vampire (D:8)
  A yak (D:8)
  4 vampire mosquitoes
  An acid dragon (D:10)
  2 water moccasins
  An ice beast (D:8)
  2 sky beasts (D:6)
  3 orc warriors
  3 black bears
  2 ogres
  4 centaurs
  2 phantoms
  2 bullfrogs
  A gnoll sergeant (D:9)
  5 scorpions (D:5)
  A wyvern skeleton (D:7)
  11 killer bees
  15 wights
  5 howler monkeys
  A lava snake (D:8)
  A centaur skeleton (D:7)
  2 orc priests (D:9)
  4 centaur zombies
  A gnoll shaman (D:9)
  4 jellies
  Crazy Yiuf (D:5)
  2 iguanas
  4 orc wizards
  2 killer bee zombies
  A hound skeleton (D:4)
  3 howler monkey zombies
  8 gnolls (D:9)
  4 adders
  A shadow imp (D:5)
  An ufetubus (D:6)
  3 worms
  7 dart slugs
  11 orcs
  6 endoplasms
  6 giant cockroaches
  8 goblins
  6 hobgoblins
  3 jackals (D:4)
  5 kobolds
  3 quokkas (D:1)
  6 ball pythons
  A bat (D:2)
  3 frilled lizards
  4 rats
  A spectral kobold (D:2)
183 creatures vanquished.

Notes
Turn   | Place    | Note
-------+----------+-------------------------------------------
     0 | D:1      | acemry the Deep Elf Conjurer began the quest for the Orb.
     0 | D:1      | Reached XP level 1. HP: 10/10 MP: 6/6
   238 | D:1      | Reached XP level 2. HP: 15/15 MP: 5/8
   358 | D:1      | Reached skill level 5 in Conjurations
   595 | D:1      | Learned a level 2 spell: Searing Ray
   773 | D:2      | Reached XP level 3. HP: 19/19 MP: 7/9
  1334 | D:2      | Found a faded altar of an unknown god.
  1359 | D:2      | Reached XP level 4. HP: 23/24 MP: 7/11
  1616 | D:3      | Reached skill level 6 in Conjurations
  1728 | D:3      | Found a shimmering blue altar of Sif Muna.
  2841 | D:4      | Reached XP level 5. HP: 28/28 MP: 7/13
  3085 | D:4      | You fall into a shaft and drop 1 floor!
  3085 | D:5      | Entered Level 5 of the Dungeon
  3556 | D:4      | Identified the +4 war axe "Ewneoqioha" {vorpal, Int+3
                  | Dex+4}
  3578 | D:5      | Noticed a water moccasin
  3582 | D:5      | Killed a water moccasin
  3583 | D:5      | Reached skill level 5 in Spellcasting
  3583 | D:5      | Reached skill level 7 in Conjurations
  3583 | D:5      | Reached XP level 6. HP: 23/32 MP: 15/15
  3849 | D:5      | Learned a level 4 spell: Fulminant Prism
  3959 | D:5      | Reached skill level 8 in Conjurations
  3995 | D:5      | Reached XP level 7. HP: 36/36 MP: 17/17
  4571 | D:5      | Found a runed translucent door.
  4572 | D:5      | Noticed Crazy Yiuf
  4601 | D:5      | Reached skill level 9 in Conjurations
  4685 | D:5      | Found a staircase to the Ecumenical Temple.
  5025 | D:5      | Killed Crazy Yiuf
  5032 | D:5      | Identified the +7 mace "Embalmer" {drain, *Slow rN++
                  | Will+++ Stlth+}
  5091 | Temple   | Entered the Ecumenical Temple
  5188 | Temple   | Became a worshipper of Vehumet
  5488 | D:6      | Reached XP level 8. HP: 41/41 MP: 20/20
  5542 | D:6      | Reached skill level 10 in Conjurations
  6043 | D:6      | Found a shimmering altar of Xom.
  6453 | D:7      | Reached skill level 11 in Conjurations
  6457 | D:7      | Reached * piety under Vehumet
  6457 | D:7      | Offered knowledge of Foxfire by Vehumet.
  6976 | D:7      | Reached XP level 9. HP: 45/45 MP: 24/24
  7099 | D:7      | Found a shadowy altar of Dithmenos.
  7195 | D:8      | Found Ynot's Self-Improvement Boutique.
  7279 | D:8      | Noticed Pikel
  7285 | D:8      | Killed Pikel
  7286 | D:8      | Reached skill level 12 in Conjurations
  7303 | D:8      | Reached skill level 10 in Spellcasting
  7788 | D:8      | Found a glowing golden altar of the Shining One.
  7789 | D:8      | Found a broken altar of Ashenzari.
  7880 | D:8      | Found Ebool's Armour Shoppe.
  8127 | D:8      | Reached skill level 13 in Conjurations
  8387 | D:8      | Reached XP level 10. HP: 43/50 MP: 27/27
  8457 | D:8      | Offered knowledge of Poisonous Vapours by Vehumet.
  8459 | D:8      | Reached ** piety under Vehumet
  8708 | D:8      | Bought a +2 hat for 208 gold pieces
  9496 | D:9      | Reached skill level 14 in Conjurations
  9578 | D:9      | Found a stormy altar of Qazlal.
  9788 | D:9      | Offered knowledge of Conjure Flame by Vehumet.
  9993 | D:10     | Entered Level 10 of the Dungeon
 10279 | D:10     | Noticed an oklob plant
 10834 | D:10     | Noticed Snorg
 10917 | D:10     | Slain by Snorg

Illustrated notes

Levels and vault maps discovered:
D:1:      wheals_arrival_shading, layout_rooms
D:2:      layout_rooms, dreamdust_ecumenical_altar_drowned_temple
D:3:      layout_loops_ring, lemuel_tele_altar, kennysheep_generic_room_15
D:4:      layout_basic, grunt_decor_arrowhead
D:5:      layout_layer_cave, minmay_temple_entry_fiery, uniq_crazy_yiuf_cottage
D:6:      layout_loops_ring, tgw_xom, minmay_small_thing
D:7:      layout_basic, mainiacjoe_overflow_small_starburst
D:8:      layout_basic, jmf_multi_god_temple, nicolae_inconvenience_store,
          nicolae_shop_self_help, uniq_pikel
D:9:      layout_cave_pools, mainiacjoe_overflow_cross_hatched,
          kennysheep_small_circle
D:10:     layout_cave_pods, dpeg_oklobed_lair, minmay_orc_entry_temple_small,
          kennysheep_decorative_pillar, uniq_snorg
Temple:   minmay_temple_bridge_d

Skill      XL: |  1  2  3  4  5  6  7  8  9 10 |
---------------+-------------------------------+-----
Conjurations   | 5 6 7 8 9 11 13 14 | 14.5
Spellcasting   | 4 5 7 9 11 12 | 12.5
Dodging        | |  2.4
Stealth        | |  2.4

Action                   |  1- 3 |  4- 6 |  7- 9 | 10-12 || total
-------------------------+-------+-------+-------+-------++-------
Melee: Dagger            |     1 |       |       |       ||     1
 Cast: Magic Dart        |    69 |    59 |    71 |    57 ||   256
       Searing Ray       |     3 |    13 |    52 |    38 ||   106
  Use: Scroll            |     4 |     2 |    11 |     1 ||    18
       Potion            |       |       |     4 |       ||     4
Armor: Robe              |     2 |       |    13 |    36 ||    51
Dodge: Dodged            |    15 |     1 |    58 |    60 ||   134
